 Dungeon Crawl Stone Soup version 0.27-a0-13-g87abb2d9eb (webtiles) character file.

Game seed: 237607552678910581

158 smips the Ruffian (level 5, -2/50 HPs)
             Began as a Troll Monk on Jan 3, 2021.
             Killed by divine providence
             ... invoked by an orc priest
              (12 damage)
             ... on level 3 of the Dungeon.
             The game lasted 00:02:26 (1471 turns).

smips the Ruffian (Troll Monk)                      Turns: 1471, Time: 00:02:27

Health: -2/50      AC:  6    Str: 19    XL:     5   Next: 16%
Magic:  4/4        EV: 10    Int:  6    God:
Gold:   109        SH:  0    Dex: 13    Spells: 4/4 levels left

rFire    . . .     SeeInvis .     - Unarmed
rCold    . . .     Faith    .   (no shield)
rNeg     . . .     Spirit   .   a - +0 robe
rPois    .         Reflect  .   (helmet restricted)
rElec    .         Harm     .   f - scarf {shadows}
rCorr    .         Rampage  .   (gloves unavailable)
Will     .....                  (boots unavailable)
Stlth    ++........             (no amulet)
HPRegen  0.56/turn              (no ring)
MPRegen  0.09/turn              (no ring)

@: lethally poisoned (-2 -> -2)
A: large, unfitting armour, claws 3, regeneration 1, shaggy fur 1, tough skin 3
a: no special abilities


You were on level 3 of the Dungeon.
You visited 1 branch of the dungeon, and saw 3 of its levels.

You collected 109 gold pieces.

Inventory:

Armour
 a - a +0 robe (worn)
 d - a +1 leather armour of fire resistance
 f - a scarf of shadows (worn)
Jewellery
 p - an uncursed ring of wizardry {unknown}
Scrolls
 c - a scroll of noise {unknown}
 e - 2 scrolls of identify {unknown}
 g - 2 scrolls of remove curse {unknown}
 k - a scroll of enchant weapon {unknown}
 m - a scroll of blinking {unknown}
 n - a scroll of fear {unknown}
 q - a scroll of magic mapping {unknown}
 s - a scroll of immolation {unknown}
Potions
 b - a potion of heal wounds {unknown}
 h - a potion of cancellation {unknown}
 i - a potion of ambrosia {unknown}
 j - a potion of berserk rage {unknown}
 l - a potion of lignification {unknown}
 o - a potion of degeneration {unknown}
 r - a potion of brilliance {unknown}


   Skills:
 - Level 2.4 Fighting
 - Level 2.4 Dodging
 - Level 1.0 Stealth
 + Level 5.9 Unarmed Combat


You had 4 spell levels left.
You didn't know any spells.
Your spell library was empty.

Dungeon Overview and Level Annotations

Branches:
Dungeon (3/15)

Altars:

Annotations:
D:3 Terence


Innate Abilities, Weirdness & Mutations

You are too large for most types of armour.
You have claws for hands.
Your natural rate of healing is unusually fast.
You are covered in fur. (AC +1)
You have extremely tough skin. (AC +3)


Message History

You are too injured to fight recklessly!
You are too injured to fight recklessly!
You are too injured to fight recklessly!
Unknown command.
You miss something. Your claw misses something. Something hits you.
* * * LOW HITPOINT WARNING * * *
The orc priest hits you but does no damage.
The orc barely misses you.
You scratch something but do no damage. Something hits you but does no damage.
The orc barely misses you.
The orc priest hits you but does no damage.
You barely miss something. Your claw misses something. Something hits you.
* * * LOW HITPOINT WARNING * * *
You scratch something.
You feel sick. The orc barely misses you. The orc priest barely misses you.
You miss something. You claw something. Something hits you but does no damage.
The orc closely misses you.
The orc priest invokes the aid of Beogh against you.
Beogh smites you!
You die...

.....†....#
#####.....# ###.#.#
.#... #.#.# ..... #
#.#.# #....
#.##.#.##....
#...........#
#.#####.###.##o##.##
#....##.# #..@oo....
#.......###.####....
#....###...## #.
#.#. ##### .. #. #


You could see an orc priest and 2 orcs.

Vanquished Creatures
  A scorpion (D:3)
  5 adders
  An ooze (D:3)
  A dart slug (D:3)
  3 leopard geckos
  An orc (D:3)
  3 bats
  2 giant cockroaches
  5 hobgoblins
  3 jackals (D:2)
  A quokka (D:2)
  A ball python (D:2)
  A frilled lizard (D:2)
  10 goblins
  6 kobolds
  7 rats
51 creatures vanquished.

Notes
Turn   | Place    | Note
-------+----------+-------------------------------------------
     0 | D:1      | smips the Troll Monk began the quest for the Orb.
     0 | D:1      | Reached XP level 1. HP: 22/22 MP: 0/0
   103 | D:1      | Reached XP level 2. HP: 29/29 MP: 1/1
   338 | D:1      | Reached skill level 4 in Unarmed Combat
   749 | D:2      | Reached XP level 3. HP: 36/36 MP: 2/2
  1292 | D:3      | Reached XP level 4. HP: 41/44 MP: 3/3
  1323 | D:3      | Reached skill level 5 in Unarmed Combat
  1384 | D:3      | Reached XP level 5. HP: 42/50 MP: 4/4
  1450 | D:3      | Noticed Terence
  1471 | D:3      | Killed from afar by an orc priest

Illustrated notes

Levels and vault maps discovered:
D:1:      dpeg_arrival_water_altar, layout_basic
D:2:      layout_basic
D:3:      minmay_roachtagon, layout_loops_ring, okawaru_gym_becter, uniq_ijyb,
          uniq_terence

Skill      XL: |  1  2  3  4 |
---------------+-------------+-----
Unarmed Combat | 4 5 |  5.9
Fighting       | |  2.4
Dodging        | |  2.4
Stealth        | |  1.0

Action                   |  1- 3 |  4- 6 || total
-------------------------+-------+-------++-------
Melee: Unarmed           |    93 |    47 ||   140
       Punch             |     1 |     3 ||     4
 Stab: Sleeping          |     3 |       ||     3
       Distracted        |     1 |       ||     1
Armor: Robe              |    37 |     9 ||    46
Dodge: Dodged            |    44 |    20 ||    64

Table legend: (Time is in decaauts)
 A = Elapsed time spent in this place.
 B = Non-inter-level travel time spent in this place.
 C = Inter-level travel time spent in this place.
 D = Time resting spent in this place.
 E = Time spent auto-exploring this place.
 F = Levels seen in this place.
 G = Mean time per level.
                   A        B        C        D        E       F      G
               +--------+--------+--------+--------+--------+-----+--------+
         Total |   1463 |   1414 |     49 |      0 |   1117 |   3 |  487.7 |
       Dungeon |   1463 |   1414 |     49 |      0 |   1117 |   3 |  487.7 |
               +--------+--------+--------+--------+--------+-----+--------+

Top non-repeatable levels by time:
     D:1: 712 daAuts
     D:2: 550 daAuts
     D:3: 199 daAuts
